 Dungeon Crawl Stone Soup version 0.21-a0-238-geb0acef (webtiles) character file.

6568 Kidiri the Thaumaturge (level 10, -4/53 HPs)
             Began as a Deep Elf Fire Elementalist on Sept 2, 2017.
             Was a Believer of Vehumet.
             Slain by a white ugly thing (15 damage)
             ... on level 9 of the Dungeon.
             The game lasted 00:40:11 (10657 turns).

Kidiri the Thaumaturge (DEFE)                      Turns: 10657, Time: 00:40:12

Health: -4/53      AC:  7    Str:  3    XL:     10   Next: 70%
Magic:  23/29      EV: 14    Int: 24    God:    Vehumet [**....]
Gold:   495        SH:  0    Dex: 15    Spells: 4/35 levels left

rFire    + . .     SeeInvis +   L - +2 dagger (elec)
rCold    . . .     Gourm    .   (no shield)
rNeg     . . .     Faith    .   u - +1 robe {Archmagi}
rPois    .         Spirit   .   e - +2 helmet
rElec    .         Reflect  .   (no cloak)
rCorr    .         Harm     .   k - +0 pair of gloves
MR       +....                  (no boots)
Stlth    ++........             (no amulet)
HPRegen  0.17/turn              j - ring of see invisible
MPRegen  0.21/turn              (no ring)

@: no status effects
A: fire resistance 1, weak 1
a: Renounce Religion


You were on level 9 of the Dungeon.
You worshipped Vehumet.
Vehumet was pleased with you.
You were not hungry.

You visited 2 branches of the dungeon, and saw 10 of its levels.

You collected 495 gold pieces.

Inventory:

Hand Weapons
 L - a +2 dagger of electrocution (weapon)
Armour
 d - a +2 robe of magic resistance
 e - a +2 helmet (worn)
 k - a +0 pair of gloves (worn)
 u - a +1 robe of the Archmagi (worn)
 y - a +2 leather armour of magic resistance
 K - a +2 large shield
Jewellery
 j - a ring of see invisible (left hand)
Wands
 n - a wand of polymorph (2/24)
 x - a wand of random effects (16/48)
 B - a wand of iceblast (0/15)
 E - a wand of flame (31/48)
 G - a wand of acid (8/15)
Scrolls
 a - a scroll of amnesia
 b - a scroll of teleportation
 q - a scroll of enchant armour {unknown}
 z - 3 scrolls of remove curse
 A - 2 scrolls of fog
 H - a scroll of fear
Potions
 f - 2 potions of curing
 h - a potion of berserk rage
 i - a potion of brilliance
 l - 2 potions of haste {unknown}
 m - a potion of invisibility
 o - 3 potions of degeneration {unknown}
 s - a potion of lignification
 v - a potion of ambrosia {unknown}
 w - 2 potions of heal wounds {unknown}
 C - a potion of cancellation {unknown}
 D - a potion of agility {unknown}
 I - a potion of might {unknown}
 J - a potion of flight {unknown}
Comestibles
 c - 6 bread rations
 p - 8 chunks of flesh
 r - 3 meat rations


   Skills:
 + Level 2.0 Fighting
 + Level 2.8 Short Blades
 + Level 2.4 Armour
 + Level 4.1 Dodging
 - Level 2.4 Stealth
 + Level 0.0 Shields
 * Level 13.1 Spellcasting
 + Level 8.3 Conjurations
 + Level 8.8 Fire Magic
 + Level 3.2 Ice Magic
 + Level 2.3 Air Magic


You had 4 spell levels left.
You knew the following spells:

 Your Spells              Type           Power        Failure   Level  Hunger
a - Flame Tongue          Conj/Fire      #####        1%          1    None
b - Throw Flame           Conj/Fire      ######       1%          2    None
c - Conjure Flame         Conj/Fire      ######..     1%          3    None
d - Inner Flame           Hex/Fire       ######..     1%          3    None
e - Sticky Flame          Conj/Fire      ######..     1%          4    None
f - Fireball              Conj/Fire      ######....   3%          5    ###....
g - Shock                 Conj/Air       ####         1%          1    None
h - Bolt of Cold          Conj/Ice       ######....   47%         6    #####..
i - Freezing Cloud        Conj/Ice/Air   ######....   65%         6    #####..


Dungeon Overview and Level Annotations

Branches:
Dungeon (9/15)             Temple (1/1) D:6            Lair (0/6) D:9
    Orc: D:9-12

Altars:
Ashenzari
Cheibriados
Dithmenos
Fedhas
Gozag
Hepliaklqana
Kikubaaqudgha
Makhleb
Nemelex Xobeh
Okawaru
Qazlal
Ru
Sif Muna
Trog
Uskayaw
Vehumet
Wu Jian
Xom
Yredelemnul
Zin
The Shining One

Shops:
D:5 ((=[[


Innate Abilities, Weirdness & Mutations

Your flesh is heat resistant. (rF+)
You are weak. (Str -2)


Message History

Casting: Conjure Flame
Confirm with . or Enter, or press ? or * to list all spells.
Aiming: Inner Flame
Press: ? - help, Shift-Dir - straight line, f - white ugly thing
Aim: a white ugly thing (lightly wounded, chance to defeat MR: 85%)
You feel a surge of power!
The white ugly thing is filled with an inner flame.
The white ugly thing is engulfed in blazing flames.
The white ugly thing tentacle-slaps you.
The white ugly thing freezes you!!
Ouch! That really hurt!
Casting: Inner Flame
Confirm with . or Enter, or press ? or * to list all spells.
Okay, then.
The white ugly thing is engulfed in blazing flames.
You see here 9 arrows.
The white ugly thing tentacle-slaps you!
* * * LOW HITPOINT WARNING * * *
The white ugly thing freezes you!
You die...

##.#......##...............#
........####......).<>.....#
#.....## #.........(.....#
##......# #..........###.##
#.......####..........# #.#
..#...................# #.#
#.#...................# #.#
#...#.#...#..........## #.#
..........(.##.#@#..## #.#
#.........####..u..## #.#
..##)..(............#####.#
## ##.)..#...###.......##.#
#..[..##......###...#†# ..#
##.......##.h########.###
).# ##.##......(...#....)..#
..# #.##....##.##.#.......#
..# #(###...##.##.#.......#


You could see a white ugly thing (inner flame) and a jackal.

Vanquished Creatures
  2 two-headed ogres (D:8)
  A hippogriff (D:8)
  2 wyverns
  A hungry ghost (D:7)
  A steam dragon (D:9)
  Edmund (D:5)
  A water moccasin (D:6)
  2 orc warriors
  5 ice beasts
  2 sky beasts
  A black bear (D:9)
  A phantom (D:5)
  7 ogres
  A necrophage (D:7)
  5 centaurs
  Blork the orc (D:6)
  2 bullfrogs
  A gnoll sergeant (D:7)
  A wyvern skeleton (D:8)
  3 scorpions
  2 howler monkeys (D:9)
  2 bullfrog zombies
  6 crimson imps
  2 bullfrog skeletons
  11 orc wizards
  3 orc priests
  4 hounds
  4 jellies
  5 iguanas
  Ijyb (D:5)
  10 worker ants
  A howler monkey skeleton (D:4)
  14 gnolls
  13 adders
  2 shadow imps (D:6)
  An ooze (D:5)
  2 worms
  3 dart slugs
  4 leopard geckos
  34 orcs
  6 giant cockroaches
  10 hobgoblins
  4 jackals
  2 quokkas
  2 ball pythons
  5 bats
  2 frilled lizards
  7 goblins
  8 kobolds
  A leopard gecko skeleton (D:4)
  A leopard gecko zombie (D:5)
  A quokka skeleton (D:5)
  4 rats
218 creatures vanquished.

Vanquished Creatures (others)
  A jackal (D:9)
1 creature vanquished.

Grand Total: 219 creatures vanquished

Notes
Turn   | Place    | Note
-------+----------+-------------------------------------------
     0 | D:1      | Kidiri the Deep Elf Fire Elementalist began the quest for the Orb.
     0 | D:1      | Reached XP level 1. HP: 10/10 MP: 6/6
   366 | D:1      | Reached XP level 2. HP: 15/15 MP: 6/8
   370 | D:1      | Learned a level 2 spell: Throw Flame
   984 | D:2      | Reached XP level 3. HP: 19/19 MP: 6/10
  1009 | D:2      | Learned a level 3 spell: Conjure Flame
  1013 | D:2      | Learned a level 3 spell: Inner Flame
  1309 | D:2      | Reached skill level 4 in Spellcasting
  1956 | D:2      | Found a glowing golden altar of the Shining One.
  2326 | D:3      | Reached XP level 4. HP: 22/24 MP: 4/12
  2569 | D:3      | Reached skill level 5 in Spellcasting
  2569 | D:3      | Reached XP level 5. HP: 17/28 MP: 3/14
  2591 | D:3      | Learned a level 4 spell: Sticky Flame
  2796 | D:3      | Found a shattered altar of Ashenzari.
  2936 | D:3      | Reached skill level 6 in Spellcasting
  2936 | D:3      | Reached XP level 6. HP: 29/32 MP: 0/17
  3426 | D:4      | Found a glowing silver altar of Zin.
  3566 | D:4      | Reached skill level 5 in Fire Magic
  3727 | D:4      | Learned a level 5 spell: Fireball
  3768 | D:4      | Got a slimy leather armour
  3779 | D:4      | Identified the cursed +1 leather armour "Roxereb" {rN+} (You found it on level 4 of the Dungeon)
  3993 | D:4      | Found a snail-covered altar of Cheibriados.
  4401 | D:4      | Reached skill level 7 in Spellcasting
  4401 | D:4      | Reached XP level 7. HP: 36/36 MP: 9/19
  4636 | D:5      | Entered Level 5 of the Dungeon
  4772 | D:5      | Found Ohaopie's Jewellery Emporium.
  4781 | D:5      | Reached skill level 8 in Spellcasting
  4992 | D:5      | Found Tubues's Antique Armour Boutique.
  5285 | D:5      | Found Saoth's Armour Boutique.
  5354 | D:5      | Reached skill level 5 in Conjurations
  5354 | D:5      | Reached XP level 8. HP: 41/41 MP: 10/22
  5358 | D:5      | Gained mutation: Your spells are a little easier to cast, but a little less powerful. [mutagenic meat]
  5359 | D:5      | Gained mutation: You have supernaturally acute eyesight. (SInv) [mutagenic meat]
  5376 | D:5      | Reached skill level 9 in Spellcasting
  5450 | D:5      | Noticed Ijyb
  5457 | D:5      | Killed Ijyb
  5545 | D:5      | Noticed Edmund
  5551 | D:5      | Killed Edmund
  5645 | D:5      | Found Vibriada's Weapon Boutique.
  5721 | D:5      | Found Lomi's Antique Weapon Shoppe.
  6020 | D:5      | Reached skill level 10 in Spellcasting
  6425 | D:6      | Lost mutation: You have supernaturally acute eyesight. (SInv) [potion of mutation]
  6425 | D:6      | Lost mutation: Your spells are a little easier to cast, but a little less powerful. [potion of mutation]
  6425 | D:6      | Gained mutation: You are weak. (Str -2) [potion of mutation]
  6425 | D:6      | Gained mutation: Your flesh is heat resistant. (rF+) [potion of mutation]
  6548 | D:6      | Noticed Blork the orc
  6615 | D:6      | Found a staircase to the Ecumenical Temple.
  6621 | Temple   | Entered the Ecumenical Temple
  6787 | Temple   | Became a worshipper of Vehumet
  6816 | D:6      | Reached skill level 11 in Spellcasting
  6816 | D:6      | Reached XP level 9. HP: 45/45 MP: 15/26
  7332 | D:6      | Killed Blork the orc
  7694 | D:7      | Reached skill level 12 in Spellcasting
  7881 | D:7      | Reached * piety under Vehumet
  7881 | D:7      | Offered knowledge of Shock by Vehumet.
  8098 | D:7      | Learned a level 1 spell: Shock
  8150 | D:7      | Learned a level 6 spell: Bolt of Cold
  8157 | D:7      | Learned a level 6 spell: Freezing Cloud
  8606 | D:8      | Reached skill level 1 in Short Blades
  8837 | D:8      | Reached skill level 1 in Armour
  8837 | D:8      | Reached skill level 1 in Ice Magic
  8892 | D:8      | Reached skill level 1 in Air Magic
  9129 | D:8      | Noticed a two-headed ogre
  9143 | D:8      | Killed a two-headed ogre
  9143 | D:8      | Reached skill level 1 in Fighting
  9143 | D:8      | Reached XP level 10. HP: 51/51 MP: 15/28
  9174 | D:8      | Noticed a two-headed ogre
  9265 | D:8      | Found a bloodstained altar of Trog.
  9302 | D:8      | Killed a two-headed ogre
  9910 | D:9      | Reached skill level 13 in Spellcasting
  9913 | D:9      | Noticed a white ugly thing
  9924 | D:9      | Found a staircase to the Lair.
 10562 | D:9      | Reached ** piety under Vehumet
 10657 | D:9      | Slain by a white ugly thing

Vault maps used:
D:1:      wheals_arrival_shading
D:2:      nicolae_tso_swordbearing_angel
D:3:      evilmike_ruin_ashenzari
D:4:      cheibriados_altar_1, overflow_temple_1_default,
          kennysheep_another_room
D:5:      serial_shops, kennysheep_little_box, shop_coins, shop,
          kennysheep_mini, shop_statue, first_bread, uniq_ijyb, uniq_edmund
D:6:      temple_green, uniq_blork_the_orc
D:8:      nicolae_overflow_hidden_temple
D:9:      lair_entry_dummy
Temple:   regret_index_temple_mists

Skill      XL: |  1  2  3  4  5  6  7  8  9 10 |
---------------+-------------------------------+-----
Fire Magic     | 4 5 6 7 8 |  8.8
Conjurations   | 2 3 4 5 6 7 8 |  8.3
Spellcasting   | 4 5 6 7 8 11 12 13 | 13.1
Short Blades   | 2 |  2.8
Armour         | 1 2 |  2.4
Ice Magic      | 1 3 |  3.2
Air Magic      | 1 2 |  2.3
Fighting       | 1 2 |  2.0
Dodging        | 3 4 |  4.1
Stealth        | |  2.4

Action                   |  1- 3 |  4- 6 |  7- 9 | 10-12 || total
-------------------------+-------+-------+-------+-------++-------
Melee: Dagger            |    16 |    20 |    21 |       ||    57
       Short sword       |       |       |    12 |     6 ||    18
 Cast: Flame Tongue      |    71 |    51 |   176 |    90 ||   388
       Throw Flame       |     2 |     3 |    25 |     7 ||    37
       Inner Flame       |       |     5 |    12 |     6 ||    23
       Conjure Flame     |       |     5 |    15 |    11 ||    31
       Sticky Flame      |       |     3 |    20 |    11 ||    34
       Shock             |       |       |       |    24 ||    24
       Fireball          |       |       |       |     1 ||     1
Evoke: Wand              |       |       |     4 |       ||     4
  Use: Scroll            |     7 |     2 |     7 |     3 ||    19
       Potion            |       |       |     1 |     1 ||     2
 Stab: Sleeping          |     7 |     2 |     3 |     1 ||    13
  Eat: Fruit             |     4 |       |       |       ||     4
       Chunk             |     2 |     2 |    12 |     3 ||    19
       Royal jelly       |       |     2 |     3 |       ||     5
Armor: Robe              |     6 |     5 |    18 |     8 ||    37
       Leather armour    |       |     4 |    15 |       ||    19
Dodge: Dodged            |    28 |    30 |    43 |    22 ||   123

Table legend:
 A = Spawn XP
 B = Non-spawn XP
 C = Spawn XP percentage of total XP
 D = Spawn monster count
 E = Non-spawn monster count
 F = Spawn count percentage of total count
 G = Total turns spent on level
                    A         B        C        D         E        F      G
               +---------+---------+-------+---------+---------+-------+---------
         Total |    2550 |    6834 |  27.2 |      38 |     180 |  17.4 | 10657
               +---------+---------+-------+---------+---------+-------+---------
           D:1 |       2 |      23 |   8.0 |       2 |      13 |  13.3 |   916
           D:2 |       8 |      59 |  11.9 |       3 |      23 |  11.5 |  1318
           D:3 |       9 |     282 |   3.1 |       5 |      16 |  23.8 |  1235
           D:4 |     137 |     252 |  35.2 |       3 |      17 |  15.0 |  1180
           D:5 |     201 |    1213 |  14.2 |       4 |      33 |  10.8 |  1618
           D:6 |     118 |    1204 |   8.9 |       1 |      25 |   3.8 |  1184
           D:7 |     436 |     829 |  34.5 |       8 |      20 |  28.6 |  1077
           D:8 |    1461 |    1430 |  50.5 |       9 |       8 |  52.9 |  1493
           D:9 |     178 |    1542 |  10.3 |       3 |      25 |  10.7 |   454
               +---------+---------+-------+---------+---------+-------+---------
